 Dungeon Crawl Stone Soup version 0.17-a0-737-gf0a300a (webtiles) character file.

74 Ngotmuk the Shield-Bearer (level 4, -6/40 HPs)
             Began as a Deep Dwarf Fighter on Apr 26, 2015.
             Mangled by Crazy Yiuf
             ... wielding a +4 quarterstaff of chaos
              (8 damage)
             ... on level 2 of the Dungeon.
             The game lasted 00:03:10 (1594 turns).

Ngotmuk the Shield-Bearer (Deep Dwarf Fighter)      Turns: 1594, Time: 00:03:10

Health: -6/40      AC:  9    Str: 20    XL:     4   Next: 9%
Magic:  4/4        EV:  8    Int:  9    God:
Gold:   135        SH:  9    Dex: 12    Spells: 0 memorised, 3 levels left

rFire  . . .     SeeInvis .     a - +0 war axe
rCold  . . .     Clarity  .     b - +0 scale mail
rNeg   . . .     SustAb   +     c - +0 shield
rPois  .         Gourm    .     s - +0 helmet
rElec  .         Spirit   .     (no cloak)
rCorr  .         Warding  .     (no gloves)
rMut   .         Stasis   .     h - +0 pair of boots
MR     .....                    (no amulet)
Stlth  ..........               (no ring)
                                m - ring of sustain abilities

@: non-regenerating, not resistant to hostile enchantments, extremely unstealthy
A: damage resistance, recharge devices, sense surroundings 1, slow healing 3
a: Device Recharging


You were on level 2 of the Dungeon.
You were very hungry.

You visited 1 branch of the dungeon, and saw 2 of its levels.

You collected 135 gold pieces.

Inventory:

Hand weapons
 a - a +0 war axe (weapon)
Armour
 b - a +0 scale mail (worn)
 c - a +0 shield (worn)
 h - a +0 pair of boots (worn)
 s - a +0 helmet (worn)
Jewellery
 m - a ring of sustain abilities (left hand)
Magical devices
 e - a wand of heal wounds (5)
Scrolls
 j - a scroll of remove curse {unknown}
 l - 3 scrolls of identify {unknown}
 n - 2 scrolls of noise {unknown}
 p - a scroll of magic mapping {unknown}
 q - a scroll of blinking {unknown}
 u - a scroll of fog {unknown}
Potions
 d - a potion of might
 i - 2 potions of cancellation {unknown}
 o - a potion of invisibility {unknown}
 r - a potion of curing {unknown}
 t - 2 potions of flight {unknown}
Comestibles
 f - a bread ration
 g - 2 beef jerkies
 k - a slice of pizza


   Skills:
 + Level 2.9 Fighting
 * Level 3.4 Axes
 + Level 3.5 Armour
 + Level 1.2 Dodging
 + Level 4.1 Shields


You had 3 spell levels left.
You didn't know any spells.

Dungeon Overview and Level Annotations

Branches:
Dungeon (2/15)

Altars:
Cheibriados

Annotations:
D:2 Crazy Yiuf


Innate Abilities, Weirdness & Mutations

You are resistant to damage.
You can recharge devices by infusing magical energy.
You passively map a small area around you.
You do not heal naturally.


Message History

Your shield and scale mail prevent you from hitting Crazy Yiuf.
You block Crazy Yiuf's attack.
You hit Crazy Yiuf.
Crazy Yiuf is moderately wounded.
Crazy Yiuf closely misses you.
You hit Crazy Yiuf.
Crazy Yiuf is heavily wounded.
Crazy Yiuf laughs, "Papa!"
Crazy Yiuf hits you with a quarterstaff of chaos.
You hit Crazy Yiuf.
Crazy Yiuf is heavily wounded.
You block Crazy Yiuf's attack.
You slash Crazy Yiuf!
Crazy Yiuf is almost dead.
You are feeling very hungry.
You block Crazy Yiuf's attack.
Crazy Yiuf hits you with a quarterstaff of chaos!
* * * LOW HITPOINT WARNING * * *
You are electrocuted!
You die...

....#..........#...............##
....#..........#......)........##
##..#..........#................)
##..#....################........
....#....# ###...... ##..######
♣♣♣♣♣####...... ##.......# ###
♣♣♣.♣.P'......... ##...#...#
#...#♣..♣.P....#...... .........#
#...g@♣♣♣♣............ .....#...#
#)..#♣♣ ♣♣P+......... ####.#...#
### ♣♣##.#...... #.#...#
#........ #....## #.#......
#....# #############........
#....# #.............##.#.##
#....# #......#.#.#.......#
####....#####......#.#.#...#...#


You could see Crazy Yiuf.

Vanquished Creatures
  Robin (D:2)
  An adder (D:2)
  3 worms (D:2)
  A giant gecko (D:2)
  3 bats
  A giant cockroach (D:1)
  12 goblins
  13 hobgoblins
  3 giant newts
  3 kobolds (D:1)
  3 rats
  2 fungi (D:2)
46 creatures vanquished.

Notes
Turn   | Place    | Note
--------------------------------------------------------------
     0 | D:1      | Ngotmuk, the Deep Dwarf Fighter, began the quest for the Orb.
     0 | D:1      | Reached XP level 1. HP: 20/20 MP: 1/1
   237 | D:1      | Reached XP level 2. HP: 21/27 MP: 2/2
   822 | D:2      | Reached XP level 3. HP: 19/33 MP: 3/3
   870 | D:2      | Reached skill level 4 in Shields
   910 | D:2      | Noticed Robin
   926 | D:2      | Killed Robin
   926 | D:2      | Reached skill level 1 in Dodging
  1299 | D:2      | Reached XP level 4. HP: 15/40 MP: 4/4
  1340 | D:2      | Found a snail-covered altar of Cheibriados.
  1587 | D:2      | Noticed Crazy Yiuf
  1594 | D:2      | HP: 2/40 [Crazy Yiuf/quarterstaff of chaos (11)]
  1594 | D:2      | Mangled by Crazy Yiuf

Action                   |  1- 3 |  4- 6 || total
-------------------------+-------+-------++-------
Melee: War axe           |   127 |    27 ||   154
  Eat: Pizza             |     1 |       ||     1
